 Dungeon Crawl Stone Soup version 0.27-a0-1291-geefcff550b (webtiles) character file.

Game seed: 14610224946491709408

16 lessens the Ducker (level 2, 0/23 HPs)
             Began as a Minotaur Fire Elementalist on June 15, 2021.
             Frozen to death by an endoplasm (3 damage)
             ... on level 2 of the Dungeon.
             The game lasted 00:01:20 (1885 turns).

lessens the Ducker (Minotaur Fire Elementalist)     Turns: 1885, Time: 00:01:21

Health: 0/23       AC:  2    Str: 12    XL:     2   Next: 37%
Magic:  3/3        EV: 12    Int: 12    God:
Gold:   64         SH:  0    Dex: 10    Spells: 2/3 levels left

rFire    . . .     SeeInvis .   b - +0 whip
rCold    . . .     Faith    .   (no shield)
rNeg     . . .     Spirit   .   a - +0 robe
rPois    .         Reflect  .   (helmet restricted)
rElec    .         Harm     .   (no cloak)
rCorr    .         Rampage  .   (no gloves)
Will     .....                  (no boots)
Stlth    ++........             (no amulet)
HPRegen  0.07/turn              (no ring)
MPRegen  0.08/turn              (no ring)

@: no status effects
A: horns 2, retaliatory headbutt
a: no special abilities


You were on level 2 of the Dungeon.
You visited 1 branch of the dungeon, and saw 2 of its levels.

You collected 64 gold pieces.

Inventory:

Hand Weapons
 b - a +0 whip (weapon)
 d - a +0 hunting sling
Missiles
 c - 19 stones
 f - 9 sling bullets
Armour
 a - a +0 robe (worn)
Scrolls
 e - 2 scrolls of amnesia {unknown}


   Skills:
 + Level 1.3 Fighting
 + Level 1.3 Armour
 + Level 2.6 Dodging
 - Level 1.5 Stealth
 - Level 1.3 Spellcasting
 - Level 0.6 Conjurations
 - Level 2.1 Fire Magic


You had 2 spell levels left.
You knew the following spells:

 Your Spells              Type           Power      Damage    Failure   Level
a - Foxfire               Conj/Fire      16%        2x1d4     17%         1

Your spell library contained the following spells:

 Spells                   Type           Power      Damage    Failure   Level
 Magic Dart               Conj           8%         1d3       22%         1
 Searing Ray              Conj           4%         3d3       34%         2
 Conjure Flame            Conj/Fire      4%         6-21      45%         3
 Inner Flame              Hex/Fire       3%         N/A       50%         3
 Dazzling Flash           Conj/Hex       2%         N/A       61%         3
 Sticky Flame             Conj/Fire      4%         2d3       86%         4
 Fulminant Prism          Conj/Hex       0%         3d6       95%         4
 Iskenderun's Mystic Bla  Conj/Tloc      1%         2d3       95%         4
 Fireball                 Conj/Fire      2%         3d4       99%         5


Dungeon Overview and Level Annotations

Branches:
Dungeon (2/15)

Altars:


Innate Abilities, Weirdness & Mutations

You have a pair of horns on your head.
You reflexively headbutt those who attack you in melee.


Message History

You headbutt the endoplasm. You hit the endoplasm.
You kill the endoplasm!
No target in view!
No target in view!
HP restored.
Things that are here:
a +0 short sword; a kobold corpse
Found a whip.
You see here a +0 whip.
A kobold comes into view. It is wielding a +0 spear.
A kobold is nearby!
No target in view!
No target in view!
No target in view!
The kobold shouts!
A kobold is nearby!
The kobold hits you from afar with a +0 spear.
An endoplasm comes into view.
The kobold hits you with a +0 spear.
You barely miss the kobold.
The endoplasm quivers.
Your headbutt misses the kobold. The kobold hits you with a +0 spear.
You completely miss the kobold. Your headbutt misses the kobold.
The kobold barely misses you.
You hit the endoplasm.
The endoplasm is almost dead.
The endoplasm freezes you.
You are frozen.
The kobold hits you with a +0 spear. The kobold closely misses you.
The endoplasm barely misses you. The endoplasm freezes you.
You are frozen.
* * * LOW HITPOINT WARNING * * *
You barely miss the endoplasm.
The endoplasm is almost dead.
The kobold hits you from afar with a +0 spear.
* * * LOW HITPOINT WARNING * * *
The endoplasm freezes you.
You are frozen.
You die...

#########
#.......# ###
#.#####.####..
#.#.###.##....
####
#....##.##.#.#
..#
#..........#.#
#.#
#....##.####..
##@###.#..##.#
#.#
#..JK.....##.#
#..
#..###.......#
#.# #..#
###'##### #.#
#..# .# #.#
...# .# #.#
##.## .# #..
.. .####.. ..
+.....


You could see an endoplasm and a kobold.

Vanquished Creatures
  A ball python (D:1)
  A bat (D:1)
  4 endoplasms
  A goblin (D:1)
  A hobgoblin (D:1)
  A frilled lizard (D:1)
  2 kobolds
  4 rats (D:1)
15 creatures vanquished.

Vanquished Creatures (others)
  2 foxfires (D:1)
2 creatures vanquished.

Grand Total: 17 creatures vanquished

Notes
Turn   | Place    | Note
-------+----------+-------------------------------------------
     0 | D:1      | lessens the Minotaur Fire Elementalist began the quest for
                  | the Orb.
     0 | D:1      | Reached XP level 1. HP: 14/14 MP: 1/1
   845 | D:1      | Reached skill level 1 in Fighting
   845 | D:1      | Reached skill level 1 in Armour
   887 | D:1      | Reached XP level 2. HP: 15/23 MP: 3/3
  1441 | D:1      | Found a faded altar of an unknown god.
  1885 | D:2      | Frozen to death by an endoplasm

Illustrated notes

Levels and vault maps discovered:
D:1:      ncdulo_smallfort, layout_loops_corners,
          hellmonk_ecumenical_altar_leap_of_faith, chequers_hall_statues_y
D:2:      layout_loops_corners

Skill      XL: |  1 |
---------------+----+-----
Fighting       | 1 |  1.3
Armour         | 1 |  1.3
Dodging        | |  2.6
Stealth        | |  1.5
Spellcasting   | |  1.3
Conjurations   | |  0.6
Fire Magic     | |  2.1

Action                   || total
-------------------------++-------
Melee: Whip              ||    49
       Unarmed           ||     9
       Headbutt          ||     5
 Cast: Foxfire           ||     2
 Stab: Sleeping          ||     2
Armor: Robe              ||    13
Dodge: Dodged            ||    36

Table legend: (Time is in decaauts)
 A = Elapsed time spent in this place.
 B = Non-inter-level travel time spent in this place.
 C = Inter-level travel time spent in this place.
 D = Time resting spent in this place.
 E = Time spent auto-exploring this place.
 F = Levels seen in this place.
 G = Mean time per level.
                   A        B        C        D        E       F      G
               +--------+--------+--------+--------+--------+-----+--------+
         Total |   1889 |   1878 |     11 |      0 |   1729 |   2 |  944.5 |
       Dungeon |   1889 |   1878 |     11 |      0 |   1729 |   2 |  944.5 |
               +--------+--------+--------+--------+--------+-----+--------+

Top non-repeatable levels by time:
     D:1: 1568 daAuts
     D:2: 320 daAuts
